 Dungeon Crawl Stone Soup version 0.30.1-4-g462c640d31 (webtiles) character file.

Game seed: 6463215966577417676

116632 Gabide the Black Belt (level 16, -19/80 (88) HPs)
             Began as a Vine Stalker Gladiator on Aug 22, 2023.
             Was an Initiate of Ru.
             Shot with an arrow by a satyr (26 damage)
             ... on level 2 of the Shoals.
             The game lasted 00:54:58 (23630 turns).

Gabide the Black Belt (Vine Stalker Gladiator)     Turns: 23630, Time: 00:55:02

HP:   -19/80 (88)   AC: 18    Str: 26    XL:     16   Next: 71%
MP:   0/33          EV: 25    Int: 14    God:    Ru [......]
Gold: 2288          SH:  0    Dex: 21    Spells: 37/39 levels left

rFire   . .          .
                       - Unarmed
rCold   . . .        (no shield)
rNeg    . . .        w - +0 troll leather armour "Ytentiyv" {Will+ Regen+ Int+3}
rPois   .            H - +2 helmet {Int+3}
rElec   .            s - +0 cloak
rCorr   .            l - +2 pair of gloves
SInv    .            v - +2 pair of boots {Fly}
Will    +....        J - amulet of regeneration
Stlth   +            F - +6 ring of strength
HPRegen 2.73/turn    c - +5 ring of evasion
MPRegen 0.23/turn

%: guardian spirit
@: lit by a corona, weak-willed, flying, hasted, glowing, drained, very quick
A: fangs 3, regeneration 1, magic shield, antimagic bite, no potion heal 2
a: Renounce Religion


You were on level 2 of the Shoals.
You worshipped Ru.
Ru was noncommittal.
You visited 4 branches of the dungeon, and saw 23 of its levels.
You also visited: Bailey.

You collected 2580 gold pieces.
You spent 292 gold pieces at shops.

Inventory:

Hand Weapons
 e - a +2 triple sword of electrocution
 K - the +8 demon trident of Frustration {vamp, rF+ Str+4}
   (You found it on level 12 of the Dungeon)

   Str:       It affects your strength (+4).
   rF:        It protects you from fire.
Missiles
 b - 11 javelins
 f - 14 boomerangs (quivered)
Armour
 l - a +2 pair of gloves (worn)
 s - a +0 cloak (worn)
 v - a +2 pair of boots of flying (worn)
 w - the +0 troll leather armour "Ytentiyv" (worn) {Will+ Regen+ Int+3}
   (You took it off a kobold in a bailey)

   Int:       It affects your intelligence (+3).
   Regen:     It increases your rate of health regeneration.
   Will:      It increases your willpower.
 C - the +4 ring mail of Depression {rF+ Str+3 Dex+4 SInv}
   (You found it on level 3 of the Lair of Beasts)

   Str:       It affects your strength (+3).
   Dex:       It affects your dexterity (+4).
   rF:        It protects you from fire.
   SInv:      It lets you see invisible.
 H - a +2 helmet of intelligence (worn)
Jewellery
 c - a +5 ring of evasion (right hand)
 F - a +6 ring of strength (left hand)
 J - an amulet of regeneration (around neck)
Wands
 h - a wand of digging (9)
 r - a wand of flame (58)
 x - a wand of charming (9)
 A - a wand of polymorph (4)
 E - a wand of acid (6)
 O - a wand of iceblast (25)
Scrolls
 d - 5 scrolls of teleportation
 j - 3 scrolls of poison
 p - 4 scrolls of magic mapping
 q - 7 scrolls of blinking
 t - a scroll of vulnerability
 u - 8 scrolls of identify
 B - 2 scrolls of immolation
 G - 3 scrolls of fog
 M - 2 scrolls of amnesia
 Q - a scroll of silence
 S - a scroll of fear
Potions
 a - 7 potions of curing
 g - 3 potions of ambrosia
 i - 4 potions of attraction
 k - 3 potions of haste
 m - 7 potions of mutation
 n - 2 potions of magic
 o - 4 potions of flight
 D - 2 potions of cancellation
 N - 2 potions of resistance
 P - a potion of might
 R - a potion of invisibility
 T - a potion of berserk rage
Miscellaneous
 y - a phial of floods
 L - a box of beasts


   Skills:
 - Level 12.0 Fighting
 - Level 3.0 Throwing
 + Level 11.8 Armour
 + Level 11.8 Dodging
 - Level 15.0 Unarmed Combat
 - Level 12.0 Spellcasting


You had 37 spell levels left.
You knew the following spells:

 Your Spells              Type           Power      Damage    Failure   Level
a - Blink                 Tloc           16%        N/A       14%         2

Your spell library contained the following spells:

 Spells                   Type           Power      Damage    Failure   Level
 Beastly Appendage        Tmut           16%        N/A       10%         1
 Foxfire                  Conj/Fire      32%        2x1d5     10%         1
 Freeze                   Ice            32%        1d5       10%         1
 Kiss of Death            Conj/Necr      32%        2d7       10%         1
 Magic Dart               Conj           32%        1d4       10%         1
 Slow                     Hex            32%        N/A       10%         1
 Call Imp                 Summ           16%        N/A       14%         2
 Ensorcelled Hibernation  Hex/Ice        16%        N/A       14%         2
 Wereblood                Tmut           8%         N/A       14%         2
 Confusing Touch          Hex            8%         N/A       28%         3
 Frozen Ramparts          Ice            16%        1d3       28%         3
 Hailstorm                Conj/Ice       8%         3d4       28%         3
 Inner Flame              Hex/Fire       8%         N/A       28%         3
 Mephitic Cloud           Conj/Pois/Air  8%         N/A       28%         3
 Ozocubu's Armour         Ice            8%         N/A       28%         3
 Portal Projectile        Hex/Tloc       16%        N/A       28%         3
 Spider Form              Tmut/Pois      8%         N/A       28%         3
 Tukima's Dance           Hex            8%         N/A       28%         3
 Volatile Blastmotes      Fire/Tloc      16%        2d11      28%         3
 Anguish                  Hex/Necr       4%         N/A       67%         4
 Dispel Undead            Necr           8%         3d8       67%         4
 Fulminant Prism          Conj/Hex       4%         3d5       67%         4
 Iskenderun's Mystic Bla  Conj/Tloc      8%         2d4       67%         4
 Leda's Liquefaction      Hex/Erth       4%         N/A       67%         4
 Manifold Assault         Tloc           8%         N/A       67%         4
 Summon Ice Beast         Ice/Summ       8%         N/A       67%         4
 Blade Hands              Tmut           4%         N/A       95%         5
 Fireball                 Conj/Fire      4%         3d4       95%         5
 Lee's Rapid Deconstruct  Erth           4%         3d5*      95%         5
 Summon Forest            Summ/Tloc      4%         N/A       95%         5
 Summon Mana Viper        Hex/Summ       8%         N/A       95%         5
 Yara's Violent Unravell  Hex/Tmut       4%         3d4       95%         5
 Eringya's Noxious Bog    Tmut/Pois      4%         N/A       100%        6
 Plasma Beam              Fire/Air       4%         2x1d15    100%        6
 Simulacrum               Ice/Necr       4%         N/A       100%        6
 Starburst                Conj/Fire      4%         6d3       100%        6
 Summon Cactus Giant      Summ           4%         N/A       100%        6
 Enfeeble                 Hex            4%         N/A       100%        7
 Monstrous Menagerie      Summ           4%         N/A       100%        7
 Ozocubu's Refrigeration  Ice            4%         4d8       100%        7
 Storm Form               Tmut/Air       4%         N/A       100%        7
 Summon Hydra             Summ           4%         N/A       100%        7
 Dragon's Call            Summ           4%         N/A       100%        9
 Polar Vortex             Ice            4%         N/A       100%        9


Dungeon Overview and Level Annotations

Branches:
Dungeon (15/15)            Temple (1/1) D:6            Lair (5/5) D:9
 Shoals (2/4) Lair:2        Snake (0/4) Lair:2        Slime (0/5) Lair:4
    Orc (0/2) D:11         Vaults (0/5) D:13         Depths (0/4) D:15
 Bailey (visited)

Altars:
Ashenzari
Cheibriados
Dithmenos
Elyvilon
Fedhas
Gozag
Hepliaklqana
Kikubaaqudgha
Makhleb
Nemelex Xobeh
Okawaru
Qazlal
Ru
Sif Muna
Trog
Uskayaw
Vehumet
Wu Jian
Xom
Yredelemnul
Zin
The Shining One

Shops:
D:3 :(!   D:6 *

Annotations:
Lair:3 exclusion: 3 oklob plants


Innate Abilities, Weirdness & Mutations

You have razor-sharp teeth.
Your natural rate of healing is unusually fast.
When hurt, damage is shared between your health and your magic reserves.
Your bite disrupts and absorbs the magic of your enemies.
Potions cannot restore your health.


Message History

You are too injured to fight recklessly!
You are too injured to fight recklessly!
You are too injured to fight recklessly!
The satyr shoots an arrow.
The arrow hits you!
The faun shoots a sling bullet.
The sling bullet completely misses you.
Things that are here:
a +0 spear; a +0 sling; a faun corpse The faun hits you but does no damage.
The satyr shoots an arrow.
The arrow completely misses you.
You pummel the satyr!!
The satyr is moderately wounded.
The faun shoots a sling bullet.
The sling bullet hits you!
* * * LOW HITPOINT WARNING * * *
You feel drained.
* * * LOW HITPOINT WARNING * * *
The faun hits you with a +0 spear!!
* * * LOW HITPOINT WARNING * * *
The faun shoots a sling bullet.
The sling bullet misses you.
The sling bullet completely misses the satyr.
Blink to where?
Press: ? - help, Dir - move target
Okay, then.
Unknown command.
Unknown command.
Blink to where?
Press: ? - help, Dir - move target A skyshark comes into view.
As you read the scroll of blinking, it crumbles to dust.
The satyr shouts!
As you read the scroll of summoning, it crumbles to dust.
Wisps of shadow whirl around you...
The satyr plays a lulling melody on his pipes!
You resist with significant effort.
As you read the scroll of fear, it crumbles to dust.
You assume a fearsome visage.
The skyshark looks frightened!
The satyr looks frightened!
The satyr resists with almost no effort.
The faun easily resists.
The satyr unwields a +0 club.
The satyr wields a +0 longbow.
The satyr shoots an arrow.
The arrow hits you!!
You die...

≈≈≈≈≈≈≈ ≈≈≈≈≈≈~ .PPPP~...P.~P~~
≈≈≈≈≈~P .P≈P~PPl....~~~ ≈≈≈~~~~
~~≈≈≈~P~....~~~ ~~~~~~.
~≈≈≈≈≈..P≈...~~ m~~....
~≈≈≈≈≈~....~~~~ ~~~~...
.~≈≈≈≈~≈≈.~≈≈~~ ~~~~...
...c≈≈~≈≈≈~≈≈~~ .~~~...
...~~~~@≈..~≈≈~~~~~~..
.~~~........~≈~m≈≈≈~~≈≈~~~~~...
.~~~........≈≈≈≈≈m≈≈≈≈≈~~.~~.#
........~.~~≈≈≈≈≈≈≈≈≈≈≈~~~~~~##
~~~~≈≈≈≈≈≈≈≈≈≈≈≈~...~~...
~~~≈≈~~~.~≈≈≈≈≈≈c....~~..
~~≈≈≈~~~..~~≈≈≈≈~..~~....
~~≈≈≈~~~~~~~≈≈≈≈)§~~~....
~~≈≈≈≈≈≈≈≈≈~~~~≈≈≈≈~~..#.


You could see a skyshark (fleeing), a satyr (ally target), a faun (strong, ally
target) and 2 friendly merfolk.

Vanquished Creatures
  A stone giant (D:15)
  Josephine (Lair:3)
  2 fire dragons
  An entropy weaver (shapeshifter) (D:14)
  Fannar (D:10)
  A vault guard (D:13)
  10 hydras
  An alligator snapping turtle (Shoals:1)
  5 boulder beetles
  9 centaur warriors
  4 two-headed ogres
  2 tengu warriors
  7 death yaks
  A skeletal warrior (D:14)
  3 skysharks
  A sea snake (Shoals:1)
  Pikel (D:4)
  A wizard (D:14)
  4 lindwurms
  4 orc knights
  2 orc sorcerers (D:15)
  7 harpies (Shoals:1)
  17 ugly things
  3 manticores
  A wolf spider (D:12)
  4 oklob plants
  A deep elf pyromancer (D:15)
  A moth of wrath (shapeshifter) (D:13)
  7 fauns
  8 cyclopes
  15 elephants
  4 merfolk sirens
  4 black mambas
  7 torpor snails
  4 gargoyles
  9 cane toads
  A kobold demonologist (D:10)
  3 rime drakes
  A freezing wraith (D:15)
  7 komodo dragons
  3 efreet (D:14)
  2 tengu conjurers
  13 polar bears
  5 trolls
  3 meliai (D:14)
  A troll (shapeshifter) (D:15)
  A wolf spider simulacrum (D:13)
  A queen bee (Lair:3)
  2 raiju
  4 tyrant leeches (Lair:5)
  4 merfolk
  9 hornets
  Prince Ribbit (D:5)
  5 dream sheep (Lair:4)
  23 blink frogs
  The ghost of Quickbrownfox the Conjurer, an amateur DsCj (D:4)
  A wind drake (Shoals:1)
  4 snapping turtles
  13 slime creatures
  3 shadows
  50 yaks
  A spriggan (Lair:4)
  7 wyverns
  A vampire (D:12)
  10 wraiths
  4 basilisks
  A steam dragon (D:9)
  Grum (D:8)
  A vampire mosquito (D:12)
  6 wargs (Lair:5)
  3 acid dragons
  6 nagas (Lair:2)
  16 water moccasins
  14 hell hounds (Lair:5)
  Duvessa (D:4)
  An ice beast (D:6)
  2 sky beasts (D:6)
  15 orc warriors
  A meliai simulacrum (D:14)
  16 black bears
  25 wolves
  6 centaurs
  7 ogres
  A lemure (D:4)
  8 kobold brigands
  9 bullfrogs
  3 gnoll sergeants
  2 scorpions
  4 wights (D:9)
  Dowan (D:4)
  46 killer bees
  2 howler monkeys
  4 electric eels
  2 jellies
  6 orc priests
  Ijyb (D:3)
  6 iguanas
  Natasha (thrice) (D:4)
  15 orc wizards
  A statue (D:10)
  11 adders
  17 gnolls
  2 river rats (Lair:3)
  A white imp (D:6)
  2 adder zombies (D:4)
  38 orcs
  6 endoplasms
  4 giant cockroaches
  13 goblins
  6 hobgoblins
  14 kobolds
  3 quokkas
  10 ball pythons
  3 bats
  5 frilled lizards
  A rat (D:1)
710 creatures vanquished.

Vanquished Creatures (others)
  A merfolk siren (Shoals:2)
  A yaktaur (D:12)
  A wraith (D:12)
3 creatures vanquished.

Grand Total: 713 creatures vanquished

Notes
Turn   | Place    | Note
-------+----------+-------------------------------------------
     0 | D:1      | Gabide the Vine Stalker Gladiator began the quest for the
                  | Orb.
     0 | D:1      | Reached XP level 1. HP: 11/11 MP: 2/2
   110 | D:1      | Reached XP level 2. HP: 8/15 MP: 1/3
   711 | D:2      | Reached XP level 3. HP: 18/18 MP: 4/4
  1194 | D:2      | Found a faded altar of an unknown god.
  1605 | D:3      | Gained mutation: Your natural rate of healing is unusually
                  | fast. [Vine Stalker growth]
  1605 | D:3      | Reached XP level 4. HP: 21/23 MP: 2/5
  1736 | D:3      | Found Kaisyofe's Book Shoppe.
  1792 | D:3      | Found a hide-covered altar of Uskayaw.
  1794 | D:3      | Found Mimona's Distillery.
  1823 | D:3      | Bought a potion of magic for 104 gold pieces
  1908 | D:3      | Bought a potion of flight for 39 gold pieces
  1983 | D:3      | Found Juprubruruo's Antique Weapon Shoppe.
  2001 | D:3      | Noticed Ijyb
  2025 | D:3      | Killed Ijyb
  2468 | D:4      | Reached XP level 5. HP: 28/28 MP: 6/6
  2533 | D:4      | Noticed Duvessa
  2540 | D:4      | Noticed Dowan
  2541 | D:4      | Killed Duvessa
  2542 | D:4      | Reached skill level 4 in Unarmed Combat
  2542 | D:4      | Reached XP level 6. HP: 32/32 MP: 7/7
  2711 | D:4      | Reached skill level 5 in Unarmed Combat
  2759 | D:4      | Reached skill level 6 in Unarmed Combat
  2759 | D:4      | Reached XP level 7. HP: 36/36 MP: 7/9
  2818 | D:4      | Found a runed translucent gate.
  2818 | D:4      | Found a runed translucent gate.
  2818 | D:4      | Found a runed translucent gate.
  2818 | D:4      | Noticed Quickbrownfox's ghost (amateur DsCj)
  2820 | D:4      | Found a basalt altar of Yredelemnul.
  2828 | D:4      | Reached skill level 1 in Spellcasting
  2883 | D:4      | Reached skill level 1 in Armour
  2883 | D:4      | Killed Dowan
  3098 | D:4      | Noticed Pikel
  3117 | D:4      | Killed Pikel
  3118 | D:4      | Gained mutation: You have razor-sharp teeth. [Vine Stalker
                  | growth]
  3118 | D:4      | Reached XP level 8. HP: 27/40 MP: 8/14
  3234 | D:4      | Noticed Natasha
  3243 | D:4      | Killed Natasha
  3353 | D:4      | Killed Quickbrownfox's ghost
  3354 | D:4      | Reached skill level 7 in Unarmed Combat
  3384 | D:4      | Noticed Natasha
  3387 | D:4      | Killed Natasha
  4292 | D:4      | Noticed Natasha
  4305 | D:4      | Killed Natasha
  4334 | D:5      | Entered Level 5 of the Dungeon
  4455 | D:5      | Reached XP level 9. HP: 45/45 MP: 14/16
  4537 | D:5      | Noticed Prince Ribbit
  4566 | D:5      | Killed Prince Ribbit
  5116 | D:6      | Found a sacrificial altar of Ru.
  5123 | D:6      | Reached skill level 8 in Unarmed Combat
  5460 | D:6      | Found a staircase to the Ecumenical Temple.
  5488 | Temple   | Entered the Ecumenical Temple
  5711 | D:6      | Became a worshipper of Ru the Awakened
  5750 | D:6      | Found a glowing silver altar of Zin.
  5834 | D:6      | Found a shimmering blue altar of Sif Muna.
  5834 | D:6      | Found a shimmering altar of Xom.
  5954 | D:6      | Found Aruoled's General Store.
  5960 | D:6      | Bought a scroll of summoning for 123 gold pieces
  5960 | D:6      | Bought a scroll of identify for 26 gold pieces
  6197 | D:6      | Found a shadowy altar of Dithmenos.
  6356 | D:7      | Reached skill level 5 in Spellcasting
  6894 | D:7      | Reached skill level 5 in Fighting
  6940 | D:7      | Reached XP level 10. HP: 45/51 MP: 16/19
  7058 | D:7      | Found an iron altar of Okawaru.
  7213 | D:8      | Found a flagged portal.
  7227 | Bailey   | Entered a bailey
  7251 | Bailey   | Noticed an orc knight
  7283 | Bailey   | Killed an orc knight
  7284 | Bailey   | Reached skill level 5 in Armour
  7284 | Bailey   | Reached skill level 5 in Dodging
  7284 | Bailey   | Reached skill level 9 in Unarmed Combat
  7508 | Bailey   | Identified the +0 troll leather armour "Ytentiyv" {Will+
                  | Regen+ Int+3}
  8276 | D:8      | Found a bloodstained altar of Trog.
  8348 | D:8      | Noticed Grum
  8436 | D:8      | Killed Grum
  8729 | D:9      | Paralysed by a hornet for 1 turns
  8766 | D:9      | Paralysed by a hornet for 2 turns
  8808 | D:9      | Noticed a two-headed ogre
  8815 | D:9      | Killed a two-headed ogre
  8816 | D:9      | Reached XP level 11. HP: 57/58 MP: 21/21
  9147 | D:9      | Found a blossoming altar of Fedhas.
  9231 | D:9      | Found a broken altar of Ashenzari.
  9438 | D:9      | Found a glowing golden altar of the Shining One.
  9759 | D:9      | Found a staircase to the Lair.
 10145 | Lair:1   | Entered Level 1 of the Lair of Beasts
 10193 | Lair:1   | Reached skill level 10 in Unarmed Combat
 10366 | Lair:1   | Reached XP level 12. HP: 58/63 MP: 24/24
 10458 | Lair:1   | You are sucked into a shaft and drop 1 floor!
 10465 | Lair:2   | Found a staircase to the Shoals.
 11492 | Lair:2   | Noticed a four-headed hydra
 11507 | Lair:2   | Killed a four-headed hydra
 11624 | Lair:2   | Found a staircase to the Snake Pit.
 12157 | Lair:3   | Reached skill level 11 in Unarmed Combat
 12204 | Lair:3   | Identified the +4 ring mail of Depression {rF+ Str+3 Dex+4
                  | SInv}
 12264 | Lair:3   | Reached XP level 13. HP: 52/69 MP: 21/27
 12548 | Lair:3   | Noticed Josephine
 12589 | Lair:3   | Killed Josephine
 13239 | Lair:3   | Found a blossoming altar of Fedhas.
 13660 | Lair:4   | Reached skill level 12 in Unarmed Combat
 13806 | Lair:4   | Found a staircase to the Slime Pits.
 14848 | Lair:5   | Entered Level 5 of the Lair of Beasts
 14892 | Lair:4   | Reached XP level 14. HP: 43/75 MP: 26/28
 15159 | Lair:5   | Reached skill level 13 in Unarmed Combat
 15424 | Lair:5   | Reached skill level 10 in Spellcasting
 15789 | Lair:5   | Reached skill level 10 in Fighting
 16090 | Lair:5   | Found a runed translucent door.
 16147 | Lair:5   | Reached skill level 10 in Dodging
 16265 | Lair:5   | Identified the +1 morningstar of Qazlal's Benevolence
                  | {vamp, rElec Str+2}
 16296 | Lair:5   | Reached skill level 10 in Armour
 16434 | Lair:5   | Reached skill level 14 in Unarmed Combat
 16844 | Lair:4   | Reached XP level 15. HP: 80/80 MP: 27/30
 17168 | D:10     | Entered Level 10 of the Dungeon
 17259 | D:10     | Found a radiant altar of Vehumet.
 17641 | D:10     | Noticed Fannar
 17661 | D:10     | Killed Fannar
 18280 | D:11     | Noticed Sonja
 18283 | D:11     | Sonja changed into Sonja the raiju
 18283 | D:11     | Noticed Sonja
 18286 | D:11     | Killed Sonja the raiju
 18430 | D:11     | Found a staircase to the Orcish Mines.
 18721 | D:11     | Learned a level 2 spell: Blink
 19583 | D:12     | Identified the staff of death "Jyrazxez" {+Blink rN+ Int-3
                  | Dex+5}
 19584 | D:12     | Identified the +8 demon trident of Frustration {vamp, rF+
                  | Str+4}
 19912 | D:13     | Reached skill level 15 in Unarmed Combat
 19964 | D:13     | Found a gate to the Vaults.
 20787 | D:14     | Reached XP level 16. HP: 73/87 MP: 25/32
 21360 | D:15     | Entered Level 15 of the Dungeon
 21920 | D:15     | Found a staircase to the Depths.
 22526 | Shoals:1 | Entered Level 1 of the Shoals
 22699 | Shoals:1 | Got Sif Muna's Handbook of Enchanted Rallying
 23376 | Shoals:2 | Found a shimmering altar of Xom.
 23627 | Shoals:2 | HP: 1/80 [faun/+0 spear (13)]
 23630 | Shoals:2 | Shot with an arrow by a satyr

Illustrated notes

Levels and vault maps discovered:
D:1:      psy_arrival_radial02, layout_rooms, chequers_serial_rivers_small_3
D:2:      layout_loops_cross, hellmonk_ecumenical_altar_pennies_from_heaven,
          serial_bayou, serial_bayou_shore_b, serial_bayou_shore_b,
          serial_bayou_lagoon_b, serial_bayou_pond_c, bh_walls_and_bars
D:3:      layout_loops_cross, nicolae_overflow_hidden_temple, serial_shops,
          shop, nicolae_shop_competitors_out_of_business,
          nicolae_shop_just_a_little_nook, uniq_ijyb
D:4:      nicolae_cairo_tiling_very_big, layout_rooms,
          nicolae_yredelemnul_ghost_church, uniq_duvessa, uniq_natasha,
          uniq_pikel
D:5:      layout_gridville, uniq_prince_ribbit1
D:6:      layout_loops_corners, grunt_dithmenos_smoke_and_mirrors,
          mainiacjoe_overflow_24_doors, zin_academy,
          chequers_temple_overflow_statue_of_worship,
          minmay_temple_entry_drinking_statues, serial_shops, shop
D:7:      layout_rooms, marbit_many_paths, serial_glass, glass_columns_b,
          glass_columns_c
D:8:      layout_rooms, trog_three_pillars_becter, enter_bailey_3, uniq_grum
D:9:      layout_long_grid, ashenzari_altar_1, mainiacjoe_overflow_alcove_1,
          lemuel_round_altar, erik_lair_dragon, kennysheep_kite_vault
D:10:     layout_basic, vehumet_statue, grunt_decor_junction, uniq_fannar
D:11:     layout_basic, kennysheep_orc_monster_closet_entryway, uniq_sonja
D:12:     layout_rooms, nicolae_two_hexagons,
          minmay_the_grid_square_5x5_3x3_mashed
          [minmay_the_grid_square_5x5_intrusive_squares,
          minmay_the_grid_square_5x5_six_small, minmay_the_grid_square_5x5_tie,
          minmay_the_grid_square_5x5_tetrominoes,
          minmay_the_grid_square_5x5_megaprize_checkered,
          minmay_the_grid_square_5x5_eight,
          minmay_the_grid_square_5x5_three_walls,
          minmay_the_grid_square_5x5_inset, minmay_the_grid_square_5x5_v]
D:13:     layout_cross, david_vaults_5, minmay_misc_feat_pillars
D:14:     layout_gridville, minmay_shattered_shrine
D:15:     grunt_enter_depths_giant_problem, layout_cave_pods,
          roderic_cross_of_infinity, hangedman_decor_lopped
Temple:   chequers_temple_sunken
Lair:1:   wad_woods_structure_01, layout_loops_ring, st_stairs_11,
          chequers_serial_rivers_marsh, amcnicky_mini_pool_medium,
          infiniplex_staircase_pool
Lair:2:   layout_big_grid, shoals_dummy_entry,
          minmay_snake_entry_guardpost_medium
Lair:3:   hangedman_what_comes_after_a, layout_gridlike, hangedman_tree_tricks,
          uniq_josephine
Lair:4:   layout_cave_pods, minmay_slime_entry_oklob_open, minmay_holes,
          grunt_forest_large_clearing_hut
Lair:5:   wormcave, layout_misc_corridors, hangedman_lair_caniforms_friends,
          serial_bayou_lake_a
Shoals:1: layout_shoals, nzn_prometheus_bound
Shoals:2: nicolae_shoals_island_circles, layout_shoals,
          ebering_ghost_reflecting_pool, lemuel_altar_in_water

Skill      XL: |  1  2  3  4  5  6  7  8  9 10 11 12 13 14 15 16 |
---------------+-------------------------------------------------+-----
Fighting       | 2 3 5 6 7 8 9 10 11 12 | 12.0
Throwing       | 2 3 |  3.0
Dodging        | 3 4 6 7 8 9 10 11 | 11.8
Unarmed Combat | 4 6 7 8 9 10 11 12 14 15 | 15.0
Spellcasting   | 3 4 5 6 7 9 10 11 12 | 12.0
Armour         | 3 4 6 7 8 9 10 11 | 11.8

Action                     |  1- 3 |  4- 6 |  7- 9 | 10-12 | 13-15 | 16-18 || total
---------------------------+-------+-------+-------+-------+-------+-------++-------
  Melee: Unarmed           |   105 |    79 |   321 |   762 |  1637 |   366 ||  3270
         Bite              |    23 |    23 |   109 |   334 |   666 |   186 ||  1341
         Punch             |     2 |     2 |    12 |    75 |   192 |    62 ||   345
  Throw: Throwing net      |       |     2 |     3 |     1 |     1 |       ||     7
         Javelin           |       |     2 |     2 |       |       |       ||     4
         Boomerang         |       |       |       |     9 |     2 |       ||    11
 Invoke: Reject Sacrifices |       |       |       |     2 |     2 |       ||     4
  Evoke: Wand              |       |     5 |     3 |     7 |     3 |       ||    18
    Use: Scroll            |     2 |     5 |    12 |     9 |     5 |     6 ||    39
         Potion            |       |       |     2 |     1 |     8 |     1 ||    12
   Stab: Held in net/web   |       |     1 |       |       |     1 |       ||     2
         Sleeping          |       |       |       |     2 |     3 |       ||     5
         Distracted        |       |       |       |       |     3 |       ||     3
         Invisible         |       |       |       |       |     8 |       ||     8
 Armour: Ring mail         |    46 |    24 |   127 |    18 |       |       ||   215
         Troll leather arm |       |       |       |   318 |   578 |    70 ||   966
  Dodge: Dodged            |    76 |    47 |   158 |   660 |  2278 |   418 ||  3637
